 Dungeon Crawl Stone Soup version 0.29.0-13-gc9e81de378 (webtiles) character file.

Game seed: 9727671876263747117

225 smilodon the Covert (level 5, 0/41 HPs)
             Began as a Demonspawn Fighter on Sept 9, 2022.
             Slain by a black bear (2 damage)
             ... on level 3 of the Dungeon.
             The game lasted 00:11:29 (5324 turns).

smilodon the Covert (Demonspawn Fighter)            Turns: 5324, Time: 00:11:29

Health: 0/41       AC:  6    Str: 16    XL:     5   Next: 68%
Magic:  5/5        EV:  8    Int:  7    God:
Gold:   78         SH:  9    Dex: 17    Spells: 4/4 levels left

rFire   + . .      SeeInvis .   j - +0 dagger
rCold   . . .      Faith    .   c - +0 buckler
rNeg    . . .      Spirit   .   b - +0 scale mail
rPois   .          Reflect  .   (no helmet)
rElec   +          Harm     .   (no cloak)
rCorr   +          Rampage  .   (no gloves)
Will    .....                   (no boots)
Stlth   ++++......              (no amulet)
HPRegen 0.13/turn               f - ring of resist corrosion
MPRegen 0.09/turn               (no ring)

@: about to teleport
A: thin skeletal structure 1, condensation shield, dopey 1, fire resistance 1,
electricity resistance
a: no special abilities


You were on level 3 of the Dungeon.
You visited 1 branch of the dungeon, and saw 4 of its levels.

You collected 78 gold pieces.

Inventory:

Hand Weapons
 a - a +0 flail
 j - a +0 dagger (weapon)
Armour
 b - a +0 scale mail (worn)
 c - a +0 buckler (worn)
 t - a +0 pair of gloves
Jewellery
 f - a ring of resist corrosion (left hand)
 i - a ring of magical power
 q - a ring of resist corrosion
Scrolls
 d - 2 scrolls of teleportation
 h - 3 scrolls of enchant armour
 k - 2 scrolls of immolation
 s - a scroll of butterflies
Potions
 o - a potion of brilliance
 p - a potion of flight


   Skills:
 - Level 3.3 Fighting
 * Level 7.6 Short Blades
 - Level 2.0 Maces & Flails
 - Level 3.0 Armour
 * Level 8.2 Stealth
 - Level 3.0 Shields


You had 4 spell levels left.
You didn't know any spells.
Your spell library contained the following spells:

 Spells                   Type           Power      Damage    Failure   Level
 Freeze                   Ice            0%         1d3       91%         1
 Ensorcelled Hibernation  Hex/Ice        0%         N/A       97%         2
 Passwall                 Tmut/Erth      0%         N/A       97%         2
 Scorch                   Fire           0%         2d5       97%         2
 Frozen Ramparts          Ice            0%         1d1       100%        3
 Ignite Poison            Fire/Tmut/Pois 0%         N/A       100%        3
 Swiftness                Air            0%         N/A       100%        3
 Hailstorm                Conj/Ice       0%         3d3       100%        4
 Ignition                 Fire           0%         3d3       100%        8


Dungeon Overview and Level Annotations

Branches:
Dungeon (4/15)
 Temple: D:4-7

Altars:
Makhleb

Shops:
D:1 [   D:3 !

Annotations:
D:4 Sigmund


Innate Abilities, Weirdness & Mutations

You have a somewhat thin skeletal structure. (Dex +2, Stealth+)
A meltable shield of frost defends you. (SH +4)
You are dopey. (Int -2)
Your flesh is heat resistant. (rF+)
You are resistant to electric shocks. (rElec)


Message History

The black bear is heavily wounded.
You hit the black bear.
The black bear is severely wounded.
The black bear bites you. The black bear claws you.
You block the black bear's attack.
You hit the black bear.
The black bear is severely wounded.
The black bear bites you but does no damage.
The black bear claws you but does no damage.
The black bear closely misses you.
You hit the black bear.
The black bear is almost dead.
You hit the black bear but do no damage.
The black bear is almost dead.
The black bear bites you. You block the black bear's attack.
The black bear claws you but does no damage.
The black bear attacks as you move away!
The black bear bites you but does no damage.
The black bear closely misses you.
The black bear claws you but does no damage.
The black bear goes berserk!
The black bear rages.
You open the door.
The black bear looks more healthy.
You block the black bear's attack. x3
The black bear bites you!
* * * LOW HITPOINT WARNING * * *
You block the black bear's attack. The black bear closely misses you.
There is an open door here.
Okay, then.
As you read the scroll of teleportation, it crumbles to dust.
You feel strangely unstable. The black bear bites you.
* * * LOW HITPOINT WARNING * * *
The black bear claws you.
* * * LOW HITPOINT WARNING * * *
The black bear claws you.
* * * LOW HITPOINT WARNING * * *
The black bear bites you.
* * * LOW HITPOINT WARNING * * *
You block the black bear's attack. The black bear claws you.
You die...

.##.................#......#
∩..........#..#####.#.##.#.#
....###....#..# #.#.##.#.######
..##....#..#..#####.#.##.#.......
..#####.##............##.########
......#.##.............#....# #
##.#'##'##..........##.#.##.# #
##.......[.....#######.#..#.# #
...............h@.........#.# #
...............#######+#..#.# #
≈...(..........##.........#.# #
≈...(..(((...............##.# #
≈..#'#...................##.# #
≈..#.#..............##..###.# #
≈.##.#.#............##..# #.# #
≈....#.#............#...###.## #
≈.####.#............#........# #


You could see a black bear (berserk).

Vanquished Creatures
  A hound (D:3)
  3 adders
  A worm (D:2)
  A dart slug (D:2)
  5 bats
  8 endoplasms
  A giant cockroach (D:2)
  7 goblins
  5 hobgoblins
  4 quokkas
  7 ball pythons
  5 frilled lizards
  5 kobolds
  3 rats
56 creatures vanquished.

Vanquished Creatures (others)
  4 toadstools (D:1)
4 creatures vanquished.

Grand Total: 60 creatures vanquished

Notes
Turn   | Place    | Note
-------+----------+-------------------------------------------
     0 | D:1      | smilodon the Demonspawn Fighter began the quest for the
                  | Orb.
     0 | D:1      | Reached XP level 1. HP: 18/18 MP: 1/1
   220 | D:1      | Found Xutt's Antique Armour Shoppe.
   495 | D:1      | Gained mutation: You have a somewhat thin skeletal
                  | structure. (Dex +2, Stealth+) [demonic ancestry]
   495 | D:1      | Reached XP level 2. HP: 12/24 MP: 2/2
  1601 | D:2      | HP: 1/24 [worm (7)]
  2098 | D:2      | Gained mutation: A meltable shield of frost defends you.
                  | (SH +4) [demonic ancestry]
  2098 | D:2      | Reached XP level 3. HP: 27/29 MP: 3/3
  2131 | D:2      | Found a faded altar of an unknown god.
  2141 | D:2      | Got Gocucs's Tome of the Arsonist
  3169 | D:2      | Reached skill level 1 in Short Blades
  3169 | D:2      | Reached skill level 1 in Stealth
  3876 | D:3      | Found a burning altar of Makhleb.
  3892 | D:3      | Found Uhem's Distillery.
  4116 | D:3      | Reached XP level 4. HP: 22/35 MP: 4/4
  4257 | D:3      | Reached skill level 2 in Stealth
  4720 | D:3      | Reached skill level 8 in Stealth
  4720 | D:3      | Reached XP level 5. HP: 41/41 MP: 5/5
  4723 | D:3      | Gained mutation: Your flesh is heat resistant. (rF+)
                  | [potion of mutation]
  4723 | D:3      | Gained mutation: You are dopey. (Int -2) [potion of
                  | mutation]
  4723 | D:3      | Gained mutation: You are resistant to electric shocks.
                  | (rElec) [potion of mutation]
  4945 | D:4      | Noticed Sigmund
  4948 | D:4      | Noticed a black bear
  5324 | D:3      | HP: 2/41 [black bear (1)]
  5324 | D:3      | Slain by a black bear

Illustrated notes

Levels and vault maps discovered:
D:1:      ldierk_water_garden, layout_loops_ring, serial_shops, shop,
          kennysheep_another_room
D:2:      layout_loops_cross, hellmonk_ecumenical_altar_blasted, minmay_domino_4
D:3:      layout_basic, mainiacjoe_overflow_catwalk, serial_shops,
          nicolae_square_shop, kennysheep_small_spiral
D:4:      layout_rooms, lemuel_crystal_altar, mainiacjoe_overflow_tiny_flanked,
          mainiacjoe_overflow_alcove_4, temple_doors_cd,
          chequers_serial_rivers_micro_c, uniq_sigmund

Skill      XL: |  1  2  3  4 |
---------------+-------------+-----
Maces & Flails | 2 |  2.0
Shields        | 3 |  3.0
Armour         | 3 |  3.0
Short Blades   | 1 7 |  7.6
Stealth        | 1 8 |  8.2
Fighting       | |  3.3

Action                   |  1- 3 |  4- 6 || total
-------------------------+-------+-------++-------
Melee: Flail             |    31 |       ||    31
       Dagger            |   293 |    69 ||   362
Throw: Dart              |       |     5 ||     5
  Use: Potion            |     4 |     5 ||     9
       Scroll            |     3 |     4 ||     7
 Stab: Sleeping          |     2 |     5 ||     7
Armor: Scale mail        |   154 |    33 ||   187
Dodge: Dodged            |    83 |    26 ||   109
Block: Buckler           |   100 |    41 ||   141
